 Dungeon Crawl Stone Soup version 0.31-b1-22-gc680215f68 (webtiles) character file.

Game seed: 1703443752082936587

154 Buffagor the Slasher (level 5, -1/49 HPs)
             Began as a Naga Fighter on Jan 19, 2024.
             Slain by a jelly (3 damage)
             ... on level 4 of the Dungeon.
             The game lasted 00:06:20 (2859 turns).

Buffagor the Slasher (Naga Fighter)                 Turns: 2859, Time: 00:06:21

Health: -1/49      AC:  1    Str: 18    XL:     5   Next: 36%
Magic:  5/5        EV:  7    Int:  8    God:
Gold:   198        SH:  4    Dex: 13    Spells: 4/4 levels left

rFire   . . .        a - +0 long sword
rCold   + . .        c - +0 buckler
rNeg    . . .        b - +0 scale mail
rPois   +            (no helmet)
rElec   .            (no cloak)
rCorr   .            (no gloves)
SInv    +            (no barding)
Will    .....        (no amulet) Stlth
                     r - ring of protection from cold
HPRegen 0.28/turn    (no ring)
MPRegen 0.09/turn

%: no passive effects
@: corroded, very slow
A: AC +1, large, see invisible, deformed body, poison resistance, slowness 2,
spit poison 1, naga tail 1
a: Spit Poison


You were on level 4 of the Dungeon.
You visited 1 branch of the dungeon, and saw 4 of its levels.

You collected 198 gold pieces.

Inventory:

Hand Weapons
 a - a +0 long sword (weapon)
Armour
 b - a +0 scale mail (worn)
 c - a +0 buckler (worn)
Jewellery
 r - a ring of protection from cold (left hand)
Talismans
 g - a storm talisman
 q - a beast talisman
 s - a granite talisman
Scrolls
 h - 4 scrolls of identify {unknown}
 j - a scroll of enchant armour {unknown}
 l - 2 scrolls of noise {unknown}
 o - a scroll of fear {unknown}
 p - a scroll of poison {unknown}
 t - a scroll of vulnerability {unknown}
Potions
 d - a potion of might
 e - a potion of ambrosia {unknown}
 f - 2 potions of heal wounds {unknown}
 i - a potion of curing {unknown}
 k - a potion of enlightenment {unknown}
 m - 2 potions of degeneration {unknown}
 n - 2 potions of berserk rage {unknown}
 u - 2 potions of lignification {unknown}


   Skills:
 - Level 3.0 Fighting
 + Level 5.4 Long Blades
 - Level 2.4 Armour
 - Level 2.6 Shields


You had 4 spell levels left.
You didn't know any spells.
Your spell library contained the following spells:

 Spells                   Type           Power      Damage    Failure   Level
 Necrotise                Necr           0%         1d4       87%         1
 Lesser Beckoning         Tloc           0%         N/A       95%         2
 Call Canine Familiar     Summ           0%         N/A       99%         3
 Gell's Gravitas          Tloc           0%         N/A       99%         3
 Sigil of Binding         Hex            0%         N/A       99%         3
 Stone Arrow              Conj/Erth      0%         3d7       99%         3
 Teleport Other           Tloc           0%         N/A       99%         3
 Vampiric Draining        Necr           0%         2d6       99%         3
 Animate Armour           Summ/Erth      0%         N/A       100%        4
 Dimensional Bullseye     Hex/Tloc       0%         N/A       100%        4
 Martyr's Knell           Necr/Summ      0%         N/A       100%        4
 Curse of Agony           Necr           0%         N/A       100%        5
 Lehudib's Crystal Spear  Conj/Erth      0%         10d2      100%        8


Dungeon Overview and Level Annotations

Branches:
Dungeon (4/15)
 Temple: D:4-7

Altars:
Trog
Zin

Shops:
D:1 =[[[[


Innate Abilities, Weirdness & Mutations

Your serpentine skin is tough. (AC +1)
You have supernaturally acute eyesight. (SInv)
Armour fits poorly on your strangely shaped body.
Your system is resistant to poisons. (rPois)
You cover ground very slowly.
You can spit poison.
You have a snake-like lower body.


Message History

u - 2 golden potions (gained 1)
Found a stone staircase leading down.
Found a stone staircase leading up.
There is a stone staircase leading down here.
A jelly comes into view.
The jelly quivers.
A jelly is nearby!
The splash of poison hits the jelly.
The jelly is lightly wounded.
The jelly hits you but does no damage.
You hit the jelly but do no damage.
Your hands burn!
The jelly is lightly wounded.
The jelly hits you but does no damage.
You hit the jelly.
Your hands burn!
The jelly is moderately wounded.
The jelly hits you. The acid corrodes you!
You are splashed with acid!
You are too injured to fight recklessly!
You are too injured to fight recklessly!
You are too injured to fight recklessly!
You are too injured to fight recklessly!
You are too injured to fight recklessly!
You are too injured to fight recklessly!
You are too injured to fight recklessly!
You are too injured to fight recklessly!
You are too injured to fight recklessly!
You are too injured to fight recklessly!
You are too injured to fight recklessly!
You are too injured to fight recklessly!
Unknown command.
You hit the jelly.
Your hands burn!
The jelly is heavily wounded.
The jelly hits you.
You are splashed with acid!
* * * LOW HITPOINT WARNING * * *
You have got your breath back.
The jelly attacks as it pursues you! The jelly hits you.
* * * LOW HITPOINT WARNING * * *
You are splashed with acid!
* * * LOW HITPOINT WARNING * * *
The jelly hits you.
You die...

..#..........#
.##)######.#.## .##)#
#.......# .##.# #....#..#
.##.###...##..#
..........##..#
###.####..##..#
#.#...........######.###.
...#####..##..>.@J.......
....## #..###############
.....###..###
............#
...####.#.#.#
..<.......#.#
..#####.###.# .. #.# #.#
.. #.# #.#


You could see a jelly.

Vanquished Creatures
  A phantom (D:4)
  4 adders
  2 ribbon worms (D:2)
  2 orcs
  2 bats (D:1)
  7 endoplasms
  3 giant cockroaches
  A goblin (D:2)
  6 hobgoblins
  2 quokkas
  3 ball pythons
  3 frilled lizards
  A kobold (D:4)
  3 rats
40 creatures vanquished.

Notes
Turn   | Place    | Note
-------+----------+-------------------------------------------
     0 | D:1      | Buffagor the Naga Fighter began the quest for the Orb.
     0 | D:1      | Reached XP level 1. HP: 21/21 MP: 1/1
    31 | D:1      | Found Doaxziu's Antique Armour Shop.
   222 | D:1      | Reached XP level 2. HP: 28/28 MP: 2/2
   342 | D:1      | Found Girury Fedee's Armour Shoppe.
   426 | D:1      | Found Onisueh's Armour Boutique.
   446 | D:1      | Found Puq Vorr's Jewellery Shoppe.
   782 | D:1      | Found Vyggexkale's Antique Armour Shop.
   865 | D:2      | Reached skill level 3 in Long Blades
   952 | D:2      | Found a faded altar of an unknown god.
  1048 | D:2      | Reached XP level 3. HP: 30/34 MP: 3/3
  1374 | D:2      | Reached skill level 4 in Long Blades
  1457 | D:2      | Reached XP level 4. HP: 42/42 MP: 4/4
  1954 | D:3      | Found a bloodstained altar of Trog.
  2568 | D:3      | Found a glowing silver altar of Zin.
  2752 | D:4      | Noticed a phantom
  2770 | D:4      | Killed a phantom
  2771 | D:4      | Reached skill level 5 in Long Blades
  2771 | D:4      | Reached XP level 5. HP: 41/49 MP: 5/5
  2859 | D:4      | HP: 2/49 [acid (10)]
  2859 | D:4      | Slain by a jelly

Illustrated notes

Levels and vault maps discovered:
D:1:      mainiacjoe_arrival_reflecting_pool, layout_loops_ring, serial_shops,
          shop, shop, shop_fountains, nicolae_shop_pleasant_corner_grove, shop,
          minmay_misc_feat_more_columns, chequers_mini_garden
D:2:      layout_basic, ebering_ecumenical_altar_abandoned
D:3:      layout_loops_ring, lemuel_coloured_pillars_altar, trog_butcher_becter,
          minmay_misc_feat_hallway
D:4:      kennysheep_the_goblin_king, layout_loops_ring,
          nemelex_spade_bored_becter

Skill      XL: |  1  2  3  4 |
---------------+-------------+-----
Long Blades    | 3 4 5 |  5.4
Fighting       | |  3.0
Armour         | |  2.4
Shields        | |  2.6

Action                     |  1- 3 |  4- 6 || total
---------------------------+-------+-------++-------
  Melee: Long sword        |    52 |    59 ||   111
Ability: Spit Poison       |    21 |    10 ||    31
 Armour: Scale mail        |    34 |    46 ||    80
  Dodge: Dodged            |    24 |    13 ||    37
  Block: Buckler           |    13 |    12 ||    25
